 Dungeon Crawl Stone Soup version 0.28-a0-691-gad6df49e81 (webtiles) character file.

Game seed: 14884955264332013535

179033 grumblor the Peltast (level 18, 0/98 HPs)
             Began as a Vine Stalker Fighter on Oct 23, 2021.
             Was a High Priest of Sif Muna.
             Slain by a naga warrior (10 damage)
             ... on level 3 of the Snake Pit.
             The game lasted 01:21:45 (26296 turns).

grumblor the Peltast (Vine Stalker Fighter)        Turns: 26296, Time: 01:21:46

Health: 0/98       AC: 38    Str: 25    XL:     18   Next: 22%
Magic:  0/33       EV:  6    Int: 13    God:    Sif Muna [*****.]
Gold:   4082       SH: 21    Dex: 19    Spells: 7/37 levels left

rFire   + . .      SeeInvis +   C - +11 falchion of Caghit {vorpal, rElec Dex+3}
rCold   + + +      Faith    +   e - +0 tower shield
rNeg    . . .      Spirit   +   q - +11 gold dragon scales
rPois   +          Reflect  .   s - +2 helmet {SInv}
rElec   +          Harm     .   W - scarf {repulsion}
rCorr   .          Rampage  .   f - +0 pair of gloves "Borhaox" {rC+ Regen+ Int+5}
Will    ++...                   L - +0 pair of boots of Alojodoc {rC+ SInv}
Stlth   ..........              j - amulet of faith
HPRegen 2.26/turn               c - +4 ring of slaying
MPRegen 0.23/turn               Y - +4 ring of protection

@: lethally poisoned (0 -> -1), studying Invocations, repel missiles
A: fangs 3, regeneration 1, magic shield, antimagic bite, no potion heal 2
a: Renounce Religion, Channel Magic, Forget Spell, Divine Exegesis


You were on level 3 of the Snake Pit.
You worshipped Sif Muna.
Sif Muna was extremely pleased with you.
You visited 4 branches of the dungeon, and saw 26 of its levels.
You also visited: Ossuary, Bailey, Gauntlet and Volcano.

You collected 4861 gold pieces.
You spent 779 gold pieces at shops.

Inventory:

Hand Weapons
 y - the +8 autumn katana {vorpal, Clar}
   (You found it on level 4 of the Lair of Beasts)

   It inflicts extra damage upon your enemies.
   Clar:      It protects you against confusion.
 C - the +11 falchion of Caghit (weapon) {vorpal, rElec Dex+3}
   (You found it on level 6 of the Dungeon)

   It inflicts extra damage upon your enemies.
   Dex:       It affects your dexterity (+3).
   rElec:     It insulates you from electricity.
 J - a +1 broad axe of flaming
Missiles
 l - 5 silver javelins
 E - 102 poisoned darts
 I - 113 boomerangs (quivered)
 N - 3 curare-tipped darts
Armour
 e - a +0 tower shield (worn)
 f - the +0 pair of gloves "Borhaox" (worn) {rC+ Regen+ Int+5}
   (You acquired it on level 1 of the Dungeon)

   Int:       It affects your intelligence (+5).
   rC:        It protects you from cold.
   Regen:     It increases your rate of health regeneration.
 q - +11 gold dragon scales (worn)
 s - a +2 helmet of see invisible (worn)
 L - the +0 pair of boots of Alojodoc (worn) {rC+ SInv}
   (You found it in a Gauntlet)

   rC:        It protects you from cold.
   SInv:      It lets you see invisible.
 M - the +0 pair of boots "Jiahoopi" {rF+ rN+ Str-4}
   (You found it in a Gauntlet)

   Str:       It affects your strength (-4).
   rF:        It protects you from fire.
   rN:        It protects you from negative energy.
 W - a scarf of repulsion (worn)
Jewellery
 c - a +4 ring of slaying (left hand)
 j - an amulet of faith (around neck)
 K - a ring of ice
 S - the ring of Sait {rCorr Int+4 Dex+6}
   (You found it on level 5 of the Lair of Beasts)

   [ring of dexterity]

   Int:       It affects your intelligence (+4).
   Dex:       It affects your dexterity (+6).
   rCorr:     It protects you from acid and corrosion.
 Y - a +4 ring of protection (right hand)
Wands
 b - a wand of iceblast (1)
 n - a wand of acid (10)
 u - a wand of polymorph (10)
 x - a wand of flame (53)
 A - a wand of charming (28)
 B - a wand of mindburst (28)
 D - a wand of paralysis (10)
 P - a wand of digging (9)
Scrolls
 a - 5 scrolls of fog
 g - 7 scrolls of identify
 p - 6 scrolls of teleportation
 z - 3 scrolls of blinking
 F - a scroll of fear
 G - a scroll of silence
 O - 4 scrolls of enchant weapon
 Q - a scroll of holy word
 T - a scroll of magic mapping
 X - a scroll of summoning
Potions
 d - a potion of might
 i - 2 potions of resistance
 m - 8 potions of magic
 o - 11 potions of curing
 r - 3 potions of haste
 t - 2 potions of flight
 v - 4 potions of mutation
 w - 2 potions of lignification
 H - 6 potions of invisibility
 V - a potion of cancellation
Miscellaneous
 R - a lightning rod (4/4)


   Skills:
 + Level 12.2 Fighting
 - Level 2.0 Long Blades
 - Level 4.4 Axes
 - Level 4.0 Throwing
 - Level 9.5 Armour
 - Level 6.8 Dodging
 - Level 17.1 Shields
 - Level 10.3 Spellcasting
 + Level 10.9 Invocations
 - Level 8.6 Evocations


You had 7 spell levels left.
You knew the following spells:

 Your Spells              Type           Power      Damage    Failure   Level
a - Fire Storm            Conj/Fire      3%         8d1       100%        9
b - Shatter               Erth           3%         3d7*      100%        9
c - Animate Dead          Necr           3%         N/A       100%        4
d - Necromutation         Tmut/Necr      3%         N/A       100%        8

Your spell library contained the following spells:

 Spells                   Type           Power      Damage    Failure   Level
 Animate Skeleton         Necr           12%        N/A       100%        1
 Apportation              Tloc           12%        N/A       100%        1
 Beastly Appendage        Tmut           12%        N/A       100%        1
 Freeze                   Ice            24%        1d5       100%        1
 Magic Dart               Conj           24%        1d4       100%        1
 Summon Small Mammal      Summ           24%        N/A       100%        1
 Blink                    Tloc           N/A        N/A       100%        2
 Call Imp                 Summ           6%         N/A       100%        2
 Corpse Rot               Necr/Air       12%        N/A       100%        2
 Ensorcelled Hibernation  Hex/Ice        12%        N/A       100%        2
 Passwall                 Tmut/Erth      5%         N/A       100%        2
 Poisonous Vapours        Pois/Air       12%        N/A       100%        2
 Scorch                   Fire           12%        2d6       100%        2
 Static Discharge         Conj/Air       6%         N/A       100%        2
 Sublimation of Blood     Necr           3%         N/A       100%        2
 Confusing Touch          Hex            6%         N/A       100%        3
 Conjure Flame            Conj/Fire      6%         6-21      100%        3
 Dazzling Flash           Conj/Hex       12%        N/A       100%        3
 Frozen Ramparts          Ice            12%        1d3       100%        3
 Gell's Gravitas          Tloc           3%         N/A       100%        3
 Ignite Poison            Fire/Tmut/Pois 6%         N/A       100%        3
 Inner Flame              Hex/Fire       6%         N/A       100%        3
 Lesser Beckoning         Tloc           6%         N/A       100%        3
 Mephitic Cloud           Conj/Pois/Air  6%         N/A       100%        3
 Ozocubu's Armour         Ice            6%         N/A       100%        3
 Portal Projectile        Hex/Tloc       12%        N/A       100%        3
 Spider Form              Tmut/Pois      3%         N/A       100%        3
 Stone Arrow              Conj/Erth      12%        3d7       100%        3
 Summon Guardian Golem    Hex/Summ       6%         N/A       100%        3
 Swiftness                Air            6%         N/A       100%        3
 Tukima's Dance           Hex            6%         N/A       100%        3
 Airstrike                Air            3%         N/A       100%        4
 Animate Armour           Summ/Erth      12%        N/A       100%        4
 Cause Fear               Hex            3%         N/A       100%        4
 Dispel Undead            Necr           6%         3d8       100%        4
 Flame Wave               Conj/Fire      6%         3d4       100%        4
 Hailstorm                Conj/Ice       6%         3d4       100%        4
 Iskenderun's Mystic Bla  Conj/Tloc      6%         2d4       100%        4
 Petrify                  Tmut/Erth      6%         N/A       100%        4
 Sticky Flame             Conj/Fire      6%         2d3       100%        4
 Summon Ice Beast         Ice/Summ       6%         N/A       100%        4
 Summon Lightning Spire   Summ/Air       6%         N/A       100%        4
 Alistair's Intoxication  Tmut/Pois      4%         N/A       100%        5
 Borgnjor's Vile Clutch   Necr/Erth      3%         N/A       100%        5
 Fireball                 Conj/Fire      3%         3d4       100%        5
 Freezing Cloud           Conj/Ice/Air   3%         6-21      100%        5
 Irradiate                Conj/Tmut      3%         3d15      100%        5
 Lightning Bolt           Conj/Air       3%         1d14      100%        5
 Manifold Assault         Tloc           6%         N/A       100%        5
 Metabolic Englaciation   Hex/Ice        3%         N/A       100%        5
 Summon Mana Viper        Hex/Summ       6%         N/A       100%        5
 Conjure Ball Lightning   Conj/Air       3%         3x3d6     100%        6
 Death Channel            Necr           3%         N/A       100%        6
 Eringya's Noxious Bog    Tmut/Pois      3%         N/A       100%        6
 Invisibility             Hex            3%         N/A       100%        6
 Simulacrum               Ice/Necr       3%         N/A       100%        6
 Starburst                Conj/Fire      3%         6d3       100%        6
 Statue Form              Tmut/Erth      4%         N/A       100%        6
 Dragon Form              Tmut           3%         N/A       100%        7
 Haunt                    Necr/Summ      3%         N/A       100%        7
 Malign Gateway           Summ/Tloc      3%         N/A       100%        7
 Monstrous Menagerie      Summ           3%         N/A       100%        7
 Discord                  Hex            3%         N/A       100%        8
 Disjunction              Tloc           3%         N/A       100%        8
 Infestation              Necr           3%         N/A       100%        8
 Maxwell's Capacitive Co  Air            3%         ∞         100%        8
 Chain Lightning          Conj/Air       3%         3d4       100%        9
 Death's Door             Necr           3%         N/A       100%        9
 Dragon's Call            Summ           3%         N/A       100%        9
 Polar Vortex             Ice            3%         N/A       100%        9


Dungeon Overview and Level Annotations

Branches:
Dungeon (15/15)            Temple (0/1) D:6            Lair (6/6) D:10
 Shoals (0/4) Lair:2        Snake (3/4) Lair:3        Slime (0/5) Lair:5
    Orc (2/2) D:12            Elf (0/3) Orc:2        Vaults (0/5) D:14
 Depths (0/4) D:15        Ossuary (visited)          Bailey (visited)
Volcano (visited)         Gauntlet (visited)

Altars:
Ashenzari
Cheibriados
Fedhas
Gozag
Makhleb
Nemelex Xobeh
Sif Muna
Uskayaw
Vehumet
Yredelemnul
The Shining One
Beogh

Shops:
D:8 [   Orc:2 **(*?   Snake:1 =![


Innate Abilities, Weirdness & Mutations

You have razor-sharp teeth.
Your natural rate of healing is unusually fast.
When hurt, damage is shared between your health and your magic reserves.
Your bite disrupts and absorbs the magic of your enemies.
Potions cannot restore your health.


Message History

Unknown command.
Unknown command.
You escape the naga warrior's grasp.
You feel sick. The anaconda closely misses you.
The anaconda bites you but does no damage.
You block the anaconda's attack.
The anaconda bites you but does no damage.
You block the black mamba's attack.
The black mamba bites you but does no damage.
The mana viper bites you but does no damage.
The naga closely misses you. You block the naga's attack.
The guardian serpent casts a spell at you.
The anaconda grabs you.
You stop ascending the stairs.
The anaconda bites you but does no damage.
The anaconda constricts you.
The naga ritualist invokes the aid of its god against you.
You resist with almost no effort.
The naga hits you from afar with a +0 glaive!
* * * LOW HITPOINT WARNING * * *
The black mamba completely misses you. The mana viper bites you.
You feel your power leaking away.
Unknown command.
Unknown command.
As you read the scroll of fear, it crumbles to dust.
You assume a fearsome visage.
The anaconda looks frightened!
The naga looks frightened! x2; The naga ritualist looks frightened!
The black mamba looks frightened! x2; The anaconda looks frightened!
The mana viper resists with almost no effort.
The guardian serpent resists with almost no effort.
The naga warrior resists with almost no effort.
The salamander looks frightened!
The shock serpent looks frightened!
You feel sick. The anaconda loses its grip on you.
The naga warrior hits you with a +0 mace.
* * * LOW HITPOINT WARNING * * *
You block the naga warrior's attack.
The mana viper bites you but does no damage.
Unknown command.
You feel sick.
The naga warrior hits you with a +0 mace!
You die...

#.## .#.#######
..#....[## #
#S......S##
#.#...N.....#
#...........#
..##..N.S....#
#.....S@..S..#
..........!..#
####.N...N.....
#.....N.....
...S.S...../.
###.>.....:...
#...........
##........##


You could see a naga warrior, a salamander (strong, fleeing), 2 anacondas, a
naga ritualist (strong, toxic aura, fleeing), a shock serpent (fleeing), a mana
viper, a guardian serpent, 2 black mambas and 2 nagas.

Vanquished Creatures
  Gastronok (D:9)
  Kirke (Snake:1)
  Nessos (D:15)
  A minotaur (Gauntlet)
  A dire elephant (Lair:6)
  An ettin (D:15)
  2 fire dragons
  Fannar (Lair:2)
  Harold (D:7)
  11 hydras
  4 naga warriors
  A salamander tyrant (Snake:2)
  4 boulder beetles
  A catoblepas (Lair:2)
  4 centaur warriors
  12 anacondas
  3 dancing weapons
  6 two-headed ogres
  2 tengu warriors
  7 death yaks
  5 naga sharpshooters (Snake:2)
  8 shock serpents
  2 orc high priests (Orc:2)
  A fire crab (Gauntlet)
  A salamander mystic (Snake:2)
  4 skeletal warriors (D:13)
  A naga ritualist (Snake:2)
  2 deep trolls (D:15)
  2 orc knights
  6 lindwurms
  6 wizards
  6 mana vipers
  3 deep elf pyromancers
  4 orc sorcerers (Orc:2)
  10 ugly things
  5 oklob plants (Lair:5)
  4 cyclopes
  3 manticores
  A moth of wrath (Gauntlet)
  5 salamanders (Snake:2)
  5 toenail golems (Volcano)
  11 elephants
  A guardian serpent (Snake:1)
  6 torpor snails
  25 black mambas
  5 gargoyles
  11 cane toads
  6 naga magi
  Maggie (D:7)
  5 komodo dragons
  2 unseen horrors
  2 kobold demonologists
  7 rime drakes
  2 tengu conjurers (D:15)
  3 meliai (D:13)
  9 trolls
  3 tyrant leeches (Lair:6)
  13 polar bears
  9 hornets
  3 raiju
  A merfolk (Lair:2)
  15 blink frogs
  7 dream sheep (Lair:5)
  3 redbacks (Gauntlet)
  A vampire (D:13)
  45 yaks
  A shadow (D:10)
  3 wraiths
  3 fire bats (Gauntlet)
  9 wyverns
  5 basilisks
  3 steam dragons
  7 wargs
  Menkaure (D:7)
  13 nagas
  3 vampire mosquitoes (D:12)
  4 acid dragons
  11 water moccasins
  15 hell hounds
  Duvessa (D:6)
  40 orc warriors
  A sky beast (D:6)
  A hornet zombie (D:8)
  An ice beast (D:4)
  13 black bears
  4 ogres (Orc:2)
  3 necrophages
  16 centaurs
  20 wolves
  3 kobold brigands
  11 bullfrogs
  3 scorpions
  3 gnoll sergeants
  Dowan (D:6)
  2 wyvern skeletons
  A ballistomycete (Lair:4)
  10 killer bees
  4 howler monkeys
  A bullfrog zombie (D:6)
  3 centaur zombies
  A bullfrog skeleton (D:6)
  A gnoll shaman (D:4)
  4 hounds
  17 orc priests
  22 orc wizards
  4 iguanas
  3 killer bee zombies
  2 hound skeletons
  8 mummies (Ossuary)
  A howler monkey zombie (D:7)
  22 gnolls
  8 adders
  A shadow imp (D:8)
  A white imp (D:5)
  2 ufetubi (D:5)
  4 worms
  2 dart slugs
  71 orcs
  5 endoplasms
  3 giant cockroaches
  11 goblins
  12 hobgoblins
  4 jackals (D:4)
  30 kobolds
  3 quokkas
  2 ball pythons
  5 bats
  2 frilled lizards (D:2)
  A hobgoblin zombie (Ossuary)
  4 kobold zombies (Ossuary)
  3 orc zombies (Ossuary)
  A rat (D:3)
825 creatures vanquished.

Vanquished Creatures (others)
  An unseen horror (D:11)
  3 humans (Snake:1)
  A wolf (Lair:6)
  2 orc wizards
  An orc (Orc:2)
  3 ballistomycete spores (Lair:4)
  3 bushes (Lair:6)
  44 fungi
  88 plants
146 creatures vanquished.

Grand Total: 971 creatures vanquished

Notes
Turn   | Place    | Note
-------+----------+-------------------------------------------
     0 | D:1      | grumblor the Vine Stalker Fighter began the quest for the
                  | Orb.
     0 | D:1      | Reached XP level 1. HP: 11/11 MP: 2/2
    68 | D:1      | Found a faded altar of an unknown god.
   726 | D:1      | Reached XP level 2. HP: 16/16 MP: 3/3
   973 | D:1      | Identified a scroll of acquirement
   973 | D:1      | Acquired the +0 pair of gloves "Borhaox" {rC+ Regen+ Int+5}
  1398 | D:2      | Reached skill level 3 in Shields
  1497 | D:2      | Reached XP level 3. HP: 19/19 MP: 4/4
  1938 | D:3      | Found a hide-covered altar of Uskayaw.
  2043 | D:3      | Found a broken altar of Ashenzari.
  2583 | D:3      | Found a shimmering blue altar of Sif Muna.
  2590 | D:3      | Became a worshipper of Sif Muna the Loreminder
  2722 | D:4      | Gained mutation: Your natural rate of healing is unusually
                  | fast. [Vine Stalker growth]
  2722 | D:4      | Reached XP level 4. HP: 23/23 MP: 6/6
  2727 | D:4      | Reached skill level 1 in Spellcasting
  2730 | D:4      | Noticed a scorpion
  2735 | D:4      | Killed a scorpion
  2736 | D:4      | Reached skill level 1 in Dodging
  2736 | D:4      | Reached XP level 5. HP: 28/28 MP: 7/7
  2775 | D:4      | Reached skill level 1 in Throwing
  2795 | D:4      | Reached * piety under Sif Muna
  2796 | D:4      | Reached skill level 1 in Invocations
  2803 | D:4      | Reached XP level 6. HP: 32/32 MP: 9/9
  2923 | D:4      | Found a sand-covered staircase.
  2928 | Ossuary  | Entered an ossuary
  3291 | D:4      | Noticed an ice beast
  3301 | D:4      | Killed an ice beast
  3302 | D:4      | Reached skill level 4 in Shields
  3302 | D:4      | Reached XP level 7. HP: 36/36 MP: 9/11
  3491 | D:4      | Reached ** piety under Sif Muna
  3814 | D:5      | Entered Level 5 of the Dungeon
  3830 | D:5      | Reached skill level 1 in Evocations
  3881 | D:5      | Identified the +1 ring mail of Glamorous Fun {Harm rElec
                  | rPois rF- Slay+6}
  4046 | D:5      | Gained mutation: You have razor-sharp teeth. [Vine Stalker
                  | growth]
  4046 | D:5      | Reached XP level 8. HP: 40/40 MP: 9/12
  4767 | D:6      | Identified the +11 falchion of Caghit {vorpal, rElec Dex+3}
  4805 | D:6      | Found a burning altar of Makhleb.
  4849 | D:6      | Noticed a two-headed ogre
  4855 | D:6      | Killed a two-headed ogre
  4856 | D:6      | Reached skill level 1 in Long Blades
  4856 | D:6      | Reached skill level 5 in Shields
  4856 | D:6      | Reached XP level 9. HP: 45/45 MP: 13/15
  4970 | D:6      | Noticed an unseen horror
  4979 | D:6      | Killed an unseen horror
  4981 | D:6      | Noticed a two-headed ogre
  4986 | D:6      | Killed a two-headed ogre
  4986 | D:6      | Reached *** piety under Sif Muna
  4987 | D:6      | Reached skill level 6 in Shields
  5012 | D:6      | Noticed Duvessa
  5012 | D:6      | Noticed Dowan
  5019 | D:6      | Killed Duvessa
  5023 | D:6      | Killed Dowan
  5070 | D:6      | Found a staircase to the Ecumenical Temple.
  5322 | D:7      | Reached XP level 10. HP: 39/51 MP: 13/17
  5425 | D:7      | Noticed Menkaure
  5433 | D:7      | Killed Menkaure
  5534 | D:7      | Noticed Harold
  5534 | D:7      | Noticed a gargoyle
  5543 | D:7      | Killed a gargoyle
  5551 | D:7      | Killed Harold
  5552 | D:7      | Reached skill level 5 in Fighting
  5552 | D:7      | Reached skill level 5 in Spellcasting
  5626 | D:7      | Reached skill level 7 in Shields
  5770 | D:7      | Noticed Maggie
  5780 | D:7      | Killed Maggie
  5844 | D:7      | Found a radiant altar of Vehumet.
  6080 | D:8      | Found a glowing golden altar of the Shining One.
  6195 | D:8      | Found Dolodwist's Armour Emporium.
  6322 | D:8      | Noticed a two-headed ogre
  6324 | D:8      | Noticed a centaur warrior
  6328 | D:8      | Noticed a boulder beetle
  6329 | D:8      | Noticed a two-headed ogre
  6332 | D:8      | Killed a two-headed ogre
  6333 | D:8      | Reached skill level 5 in Armour
  6333 | D:8      | Reached skill level 5 in Invocations
  6339 | D:8      | Killed a centaur warrior
  6340 | D:8      | Reached XP level 11. HP: 39/56 MP: 14/20
  6367 | D:8      | Killed a two-headed ogre
  6367 | D:8      | Reached **** piety under Sif Muna
  6368 | D:8      | Reached skill level 8 in Shields
  6383 | D:8      | Killed a boulder beetle
  6436 | D:8      | Noticed a cyclops
  6445 | D:8      | Killed a cyclops
  6539 | D:8      | Noticed a centaur warrior
  6546 | D:8      | Killed a centaur warrior
  6547 | D:8      | Reached skill level 5 in Evocations
  6996 | D:8      | Got the Disquisition on the Traveller and the Entourage
  7020 | D:8      | Learned a level 9 spell: Fire Storm
  7030 | D:8      | Learned a level 9 spell: Shatter
  7180 | D:9      | Noticed a two-headed ogre
  7196 | D:9      | Killed a two-headed ogre
  7264 | D:9      | Noticed Gastronok
  7269 | D:9      | Reached skill level 9 in Shields
  7284 | D:9      | Killed Gastronok
  7539 | D:9      | Found a snail-covered altar of Cheibriados.
  7543 | D:9      | Found a sparkling altar of Nemelex Xobeh.
  7545 | D:9      | Found a basalt altar of Yredelemnul.
  8028 | D:10     | Entered Level 10 of the Dungeon
  8068 | D:10     | Reached ***** piety under Sif Muna
  8112 | D:10     | Found a staircase to the Lair.
  8160 | D:10     | Reached XP level 12. HP: 62/62 MP: 22/22
  8710 | D:10     | Found a blossoming altar of Fedhas.
  8867 | D:11     | Noticed a two-headed ogre
  8875 | D:11     | Killed a two-headed ogre
  8968 | D:11     | Reached skill level 10 in Shields
  9046 | D:11     | Noticed a boulder beetle
  9057 | D:11     | Killed a boulder beetle
  9057 | D:11     | Received a gift from Sif Muna
  9060 | D:11     | Got Gienoa's Incunabulum of the Icy Traveller {god gift}
  9070 | D:11     | Noticed a boulder beetle
  9086 | D:11     | Killed a boulder beetle
  9544 | D:12     | Found a staircase to the Orcish Mines.
  9653 | D:12     | Found a flagged portal.
  9676 | Bailey   | Entered a bailey
  9867 | Bailey   | Reached skill level 11 in Shields
  9867 | Bailey   | Reached XP level 13. HP: 69/69 MP: 24/24
 10502 | D:12     | Reached skill level 12 in Shields
 10734 | D:13     | Found a gate leading to a gauntlet.
 10845 | Gauntlet | Entered a Gauntlet
 10845 | Gauntlet | Found a transporter.
 10845 | Gauntlet | Found a transporter.
 10849 | Gauntlet | Found a transporter.
 10849 | Gauntlet | Found a transporter.
 10867 | Gauntlet | Found a transporter.
 10868 | Gauntlet | Found a transporter.
 10874 | Gauntlet | Found a transporter.
 10900 | Gauntlet | Found a transporter.
 10904 | Gauntlet | Found a transporter.
 10910 | Gauntlet | Found a transporter.
 10940 | Gauntlet | Found a transporter.
 10992 | Gauntlet | Found a transporter.
 11087 | Gauntlet | Found a transporter.
 11161 | Gauntlet | Identified the +0 pair of boots "Jiahoopi" {rF+ rN+ Str-4}
 11210 | Gauntlet | Noticed a minotaur
 11245 | Gauntlet | Found the +7 great mace "Undeadhunter" {disrupt, rN+}
 11297 | Gauntlet | Killed a minotaur
 11322 | Gauntlet | Identified the +6 scale mail of Quantum Leap {Will+++ Str-4
                  | Dex+4}
 11322 | Gauntlet | Identified the +0 pair of boots of Alojodoc {rC+ SInv}
 11894 | D:13     | Reached XP level 14. HP: 44/75 MP: 13/25
 12082 | D:13     | Reached skill level 5 in Dodging
 12377 | Orc:1    | Entered Level 1 of the Orcish Mines
 12455 | Orc:1    | Received a gift from Sif Muna
 12464 | Orc:1    | Got Sif Muna's Almanac of Confrontation and Curses {god
                  | gift}
 12639 | Orc:2    | Entered Level 2 of the Orcish Mines
 13466 | Orc:2    | Found Ubeish's Magic Scroll Shoppe.
 13488 | Orc:2    | Bought a scroll of enchant armour for 105 gold pieces
 13488 | Orc:2    | Bought a scroll of blinking for 105 gold pieces
 13560 | Orc:2    | Found Luileuz's General Store.
 13560 | Orc:2    | Found Enteli's Weapon Emporium.
 13564 | Orc:2    | Found Xuzaq's General Store.
 13566 | Orc:2    | Found Xorcham's General Store.
 13577 | Orc:2    | Bought a +2 helmet of see invisible for 344 gold pieces
 13577 | Orc:2    | Bought a scroll of fear for 56 gold pieces
 13742 | Orc:2    | Reached skill level 13 in Shields
 13874 | Orc:2    | Received a gift from Sif Muna
 14476 | Orc:2    | Found a staircase to the Elven Halls.
 14895 | Lair:1   | Entered Level 1 of the Lair of Beasts
 15792 | Lair:2   | Found a staircase to the Shoals.
 15828 | Lair:2   | Noticed Fannar
 15844 | Lair:2   | Killed Fannar
 15878 | Lair:2   | Reached XP level 15. HP: 80/80 MP: 26/28
 16693 | Lair:3   | Reached skill level 10 in Fighting
 16746 | Lair:3   | Found a staircase to the Snake Pit.
 17047 | Lair:3   | Acquired 950 gold pieces
 17443 | Lair:4   | Found the +8 autumn katana {vorpal, Clar}
 17449 | Lair:4   | Received a gift from Sif Muna
 17450 | Lair:4   | Got Sif Muna's Guide on Burning Moulding {god gift}
 17483 | Lair:4   | Reached skill level 14 in Shields
 17671 | Lair:4   | Found a dark tunnel.
 17682 | Volcano  | Entered a volcano
 17708 | Volcano  | Reached XP level 16. HP: 85/85 MP: 29/29
 19057 | Lair:5   | Received a gift from Sif Muna
 19402 | Lair:5   | Found a staircase to the Slime Pits.
 19749 | Lair:5   | Identified the +6 dagger of Doen {freeze, *Rage Will+ rCorr
                  | Int+3}
 19753 | Lair:5   | Identified the ring of Sait {rCorr Int+4 Dex+6}
 19756 | Lair:5   | Got Witchcraft, Part Three
 19762 | Lair:6   | Entered Level 6 of the Lair of Beasts
 19784 | Lair:6   | Reached skill level 15 in Shields
 19927 | Lair:6   | Received a gift from Sif Muna
 19932 | Lair:6   | Got Sif Muna's Volume of Feathery Evil Secrets {god gift}
 19938 | Lair:6   | Learned a level 4 spell: Animate Dead
 20933 | Lair:6   | Found a runed translucent door.
 21064 | Lair:6   | Reached XP level 17. HP: 91/91 MP: 31/31
 21103 | Lair:6   | Paralysed by a hornet for 3 turns
 21110 | Lair:6   | Paralysed by a hornet for 1 turns
 21618 | Lair:6   | Paralysed by a hornet for 1 turns
 21628 | Lair:6   | Reached skill level 16 in Shields
 21643 | Lair:6   | Found the +8 demon blade "Leech" {vamp, Harm Drain rN+}
 21730 | Lair:6   | Received a gift from Sif Muna
 21731 | Lair:6   | Got Sif Muna's Grimoire of Attacks and Calling {god gift}
 22001 | Snake:1  | Entered Level 1 of the Snake Pit
 22225 | D:14     | Acquired a manual of Invocations
 22405 | D:14     | Found an opulent altar of Gozag.
 22491 | D:14     | Found a gate to the Vaults.
 22652 | D:14     | Acquired a scarf of repulsion
 23009 | D:15     | Entered Level 15 of the Dungeon
 23169 | D:15     | Found a staircase to the Depths.
 23339 | D:15     | Found a sparkling altar of Nemelex Xobeh.
 23782 | D:15     | Noticed Nessos
 23793 | D:15     | Killed Nessos
 23794 | D:15     | Reached skill level 10 in Spellcasting
 24195 | Snake:1  | Found Aqiybrad's Antique Armour Shoppe.
 24195 | Snake:1  | Found Hyosouc's Distillery.
 24210 | Snake:1  | Found Netach's Jewellery Shoppe.
 24216 | Snake:1  | Bought a potion of curing for 39 gold pieces
 24216 | Snake:1  | Bought a potion of haste for 130 gold pieces
 24453 | Snake:1  | Noticed Kirke
 24473 | Snake:1  | Killed Kirke
 24474 | Snake:1  | Reached skill level 10 in Invocations
 24623 | Snake:1  | Received a gift from Sif Muna
 24624 | Snake:1  | Got Qiareecw's Catalogue of Fiery Envenoming {god gift}
 24929 | Snake:1  | Found a runed translucent gate.
 24929 | Snake:1  | Found a runed translucent gate.
 24929 | Snake:1  | Found a runed translucent gate.
 25298 | Snake:2  | Reached skill level 17 in Shields
 25325 | Snake:2  | Reached XP level 18. HP: 96/96 MP: 33/33
 25707 | Snake:2  | Received a gift from Sif Muna
 25710 | Snake:2  | Got Sif Muna's Handbook of Moulding and the Frostbite {god
                  | gift}
 25737 | Snake:2  | Learned a level 8 spell: Necromutation
 26296 | Snake:3  | Slain by a naga warrior

Illustrated notes

Levels and vault maps discovered:
D:1:      lightli_arrival_statuegarden, layout_basic,
          shapermc_ecumenical_altar_mp_urbaneastern
D:2:      layout_loops_corners, minmay_misc_feat_more_columns
D:3:      layout_basic, cheibrodos_ashenzari_chains,
          mainiacjoe_overflow_cross_hatched,
          nicolae_uskayaw_murder_on_the_dancefloor, roderic_serpentine_path
D:4:      layout_cave_pods, enter_ossuary_5
D:5:      layout_loops_corners, minmay_fractal_squares_5
D:6:      layout_rooms, mainiacjoe_overflow_catwalk, temple_green, uniq_duvessa
D:7:      layout_gridville, vehumet_altar_wand_db, uniq_menkaure, uniq_maggie,
          uniq_harold
D:8:      layout_gridville, tso_metal_star, serial_shops,
          nicolae_shop_waterfront, minmay_pinched_square
D:9:      layout_stronghold, minitemple, uniq_gastronok
D:10:     layout_gridville, fedhas_altar_2, lair_entry_dummy
D:11:     layout_loops_ring
D:12:     layout_gridville, orc_0_dummy, enter_bailey_4, hex_tiny
D:13:     layout_loops_corners, gauntlet_entry_generic
D:14:     minmay_octagon_keep, layout_rooms, erik_vaults_1,
          grunt_gozag_breadcrumbs, solitary_fountain
D:15:     hangedman_depths_entry_civil_slaughter, layout_basic, minivault_24,
          nemelex_spade_bored_becter, uniq_nessos
Lair:1:   layout_regular_city
Lair:2:   layout_concentric_octagons, elwin_shoals_entry_rooms,
          minmay_shattered_shrine, uniq_fannar
Lair:3:   layout_layer_cave, minmay_snake_entry_guardpost_small,
          grunt_megastairs_2
Lair:4:   layout_concentric_octagons, enter_volcano_3
Lair:5:   layout_gridlike, minmay_slime_entry_oklob_open, serial_bayou_pond_e,
          minmay_lindwurm_lava
Lair:6:   wormcave, layout_loops_ring, hangedman_lair_caniforms_friends,
          grunt_megastairs_3
Snake:1:  layout_onion, nicolae_snake_gridmaze_entwining, drop_trap,
          nicolae_snake_horde_hoard, minmay_shop_star, uniq_kirke
Snake:2:  layout_gridlike, st_stairs_2, lemuel_fruit_tree
Snake:3:  layout_rooms, serial_shops, bzr_firewalk, nicolae_shop_crystal, shop,
          basic_altar
Orc:1:    minmay_goldmine, layout_caves, basic_altar
Orc:2:    st_orc_rangers, layout_diamond_mine, serial_shops,
          nicolae_diamond_shop

Skill      XL: |  1  2  3  4  5  6  7  8  9 10 11 12 13 14 15 16 17 18 |
---------------+-------------------------------------------------------+-----
Shields        | 3 4 5 6 7 9 11 12 13 14 15 17 | 17.1
Axes           | 2 3 4 |  4.4
Fighting       | 3 4 5 6 8 9 10 11 12 | 12.2
Spellcasting   | 1 2 3 4 5 6 7 8 9 10 | 10.3
Dodging        | 1 2 3 4 5 6 |  6.8
Throwing       | 1 2 3 4 |  4.0
Invocations    | 1 2 3 4 5 6 8 9 10 | 10.9
Armour         | 3 4 5 6 7 8 9 |  9.5
Evocations     | 1 2 3 4 5 6 7 8 |  8.6
Long Blades    | 1 2 |  2.0

Action                   |  1- 3 |  4- 6 |  7- 9 | 10-12 | 13-15 | 16-18 || total
-------------------------+-------+-------+-------+-------+-------+-------++-------
Melee: War axe           |    67 |    76 |    66 |       |       |       ||   209
       Bite              |     6 |    28 |    34 |   133 |   255 |   560 ||  1016
       Falchion          |       |       |    50 |   332 |   639 |  1015 ||  2036
       Hand axe          |       |       |       |       |    21 |    10 ||    31
       Broad axe         |       |       |       |       |       |   101 ||   101
Throw: Javelin           |       |     4 |     8 |     3 |    13 |       ||    28
       Throwing net      |       |       |     1 |       |     6 |       ||     7
       Dart              |       |       |       |    37 |    24 |     5 ||    66
       Boomerang         |       |       |       |     5 |    20 |    32 ||    57
Invok: Channel Magic     |       |       |       |     4 |     8 |     9 ||    21
Evoke: Wand              |       |       |     6 |     1 |    26 |    13 ||    46
  Use: Scroll            |     7 |       |     2 |    14 |    11 |    13 ||    47
       Potion            |       |       |       |     1 |    10 |     5 ||    16
 Stab: Paralysed         |       |       |       |       |     5 |       ||     5
       Held in net/web   |       |       |       |       |     1 |       ||     1
Armor: Scale mail        |    30 |    32 |    48 |       |       |       ||   110
       Plate armour      |       |       |    12 |   253 |    75 |       ||   340
       Gold dragon scale |       |       |       |       |   654 |  1480 ||  2134
Dodge: Dodged            |    11 |    12 |    30 |   107 |   149 |   357 ||   666
       Repelled          |       |       |       |       |       |    10 ||    10
Block: Tower shield      |    57 |    65 |   112 |   465 |  1165 |  2058 ||  3922

Table legend: (Time is in decaauts)
 A = Elapsed time spent in this place.
 B = Non-inter-level travel time spent in this place.
 C = Inter-level travel time spent in this place.
 D = Time resting spent in this place.
 E = Time spent auto-exploring this place.
 F = Levels seen in this place.
 G = Mean time per level.
                   A        B        C        D        E       F      G
               +--------+--------+--------+--------+--------+-----+--------+
         Total |  27485 |  26231 |   1254 |   1312 |  17930 |  30 |  916.2 |
       Dungeon |  13869 |  13087 |    782 |     14 |  10485 |  15 |  924.6 |
          Lair |   7275 |   6964 |    311 |    671 |   4377 |   6 | 1212.5 |
     Snake Pit |   2271 |   2224 |     47 |    238 |   1275 |   3 |  757.0 |
  Orcish Mines |   2618 |   2506 |    112 |    389 |   1294 |   2 | 1309.0 |
       Ossuary |    273 |    273 |      0 |      0 |    165 |   1 |  273.0 |
        Bailey |    316 |    316 |      0 |      0 |    107 |   1 |  316.0 |
       Volcano |    343 |    343 |      0 |      0 |    166 |   1 |  343.0 |
      Gauntlet |    517 |    517 |      0 |      0 |     60 |   1 |  517.0 |
               +--------+--------+--------+--------+--------+-----+--------+

Top non-repeatable levels by time:
   Orc:2: 1777 daAuts
  Lair:5: 1744 daAuts
  Lair:6: 1675 daAuts
    D:13: 1224 daAuts
 Snake:2: 1191 daAuts
  Lair:4: 1117 daAuts
 Snake:1: 1067 daAuts
    D:15: 1058 daAuts
     D:1: 1053 daAuts
     D:8: 1033 daAuts
    D:12: 1028 daAuts
     D:9: 1009 daAuts
  Lair:3: 1001 daAuts
  Lair:2: 997 daAuts
     D:5: 933 daAuts
